 Dungeon Crawl Stone Soup version 0.23.2-40-g277498a (webtiles) character file.

Game seed: 13822521265027950734

569 Bucky5 the Slinger (level 7, 0/61 HPs)
             Began as a Centaur Hunter on Oct 14, 2019.
             Slain by Blork the orc
             ... wielding a +0 halberd
              (7 damage)
             ... on level 6 of the Dungeon.
             The game lasted 00:08:52 (3753 turns).

Bucky5 the Slinger (Centaur Hunter)                 Turns: 3753, Time: 00:08:53

Health: 0/61       AC:  5    Str: 16    XL:     7   Next: 11%
Magic:  7/7        EV:  9    Int: 10    God:
Gold:   148        SH:  0    Dex: 10    Spells: 6/6 levels left

rFire    . . .     SeeInvis .   a - +1 hunting sling
rCold    + . .     Gourm    .   (no shield)
rNeg     . . .     Faith    .   c - +0 leather armour
rPois    .         Spirit   .   (no helmet)
rElec    .         Reflect  .   (no cloak)
rCorr    .         Harm     .   (no gloves)
MR       .....     Clarity  +   (no barding)
Stlth    ..........             (no amulet)
HPRegen  0.20/turn              q - ring of protection from cold
MPRegen  0.10/turn              (no ring)

@: confused, very quick
A: large, hooves 3, rugged brown scales 1, clarity, deformed body, speed 2,
tough skin 3, evolution 1
a: no special abilities


You were on level 6 of the Dungeon.
You were completely stuffed.

You visited 1 branch of the dungeon, and saw 6 of its levels.

You collected 148 gold pieces.

Inventory:

Hand Weapons
 a - a +1 hunting sling (weapon)
 b - a +0 short sword
Missiles
 d - 34 sling bullets (quivered)
 e - 207 stones
Armour
 c - a +0 leather armour (worn)
Jewellery
 q - a ring of protection from cold (left hand)
 r - an uncursed amulet of the gourmand {unknown}
 u - an uncursed amulet of the gourmand {unknown}
Wands
 n - a wand of paralysis (12)
Scrolls
 g - 2 scrolls of identify
 j - 3 scrolls of remove curse
 l - 3 scrolls of fog
Potions
 h - a potion of ambrosia
 k - a potion of brilliance
 m - a potion of cancellation {unknown}
 p - a potion of agility {unknown}
 s - a potion of might {unknown}
 t - 2 potions of flight
Comestibles
 f - 6 rations


   Skills:
 * Level 4.8 Fighting
 + Level 8.1 Slings
 - Level 1.4 Dodging
 - Level 0.4 Stealth


You had 6 spell levels left.
You didn't know any spells.
Your spell library was empty.

Dungeon Overview and Level Annotations

Branches:
Dungeon (7/15)
 Temple: D:4-7

Altars:
Elyvilon
Trog

Annotations:
D:6 Blork the orc
D:7 Harold


Innate Abilities, Weirdness & Mutations

You have hooves in place of feet.
Armour fits poorly on your strangely shaped body.
You cover ground very quickly.
You have extremely tough skin. (AC +3)
You are partially covered in rugged brown scales. (AC +1, +3% HP)
You possess an exceptional clarity of mind.
You evolve.


Message History

You shoot a sling bullet. Something hits you!
* * * LOW HITPOINT WARNING * * *
Firing (i - inventory. (/) - cycle)
d - 35 sling bullets (quivered)
Press: ? - help, Shift-Dir - straight line You shoot a sling bullet.
Something hits you.
* * * LOW HITPOINT WARNING * * *
You hear some strange, mumbled words.
A puff of flame appears from out of thin air!
The puff of flame hits you!
* * * LOW HITPOINT WARNING * * *
Firing (i - inventory. (/) - cycle)
d - 34 sling bullets (quivered)
Press: ? - help, Shift-Dir - straight line, f - you
Okay, then.
You feel better.
You are confused.
You feel invigorated. Something hits you!
* * * LOW HITPOINT WARNING * * *
Something hits you!
You die...

###########
#.........######
#.....?........#
#...........@..#
#..............#
#.######(..#####
#(..# #...#
#.(.# #### ##(##
#....####(##
#....#.....#


There were no monsters in sight!

Vanquished Creatures
  Sigmund (D:2)
  A bullfrog (D:6)
  A scorpion (D:7)
  A howler monkey (D:7)
  A crimson imp (D:7)
  An orc priest (D:6)
  A killer bee zombie (D:3)
  Robin (D:2)
  4 adders
  2 gnolls
  An ooze (D:1)
  2 worms
  A dart slug (D:3)
  A leopard gecko (D:2)
  6 orcs (D:3)
  5 giant cockroaches
  16 goblins
  17 hobgoblins
  2 jackals (D:1)
  12 kobolds
  3 quokkas
  2 ball pythons
  8 bats
  4 frilled lizards
  10 rats
  A plant (D:1)
105 creatures vanquished.

Notes
Turn   | Place    | Note
-------+----------+-------------------------------------------
     0 | D:1      | Bucky5 the Centaur Hunter began the quest for the Orb.
     0 | D:1      | Reached XP level 1. HP: 17/17 MP: 1/1
   376 | D:1      | Reached XP level 2. HP: 24/24 MP: 2/2
   465 | D:1      | Reached skill level 5 in Slings
   682 | D:1      | Reached XP level 3. HP: 29/29 MP: 3/3
  1018 | D:2      | Noticed Robin
  1030 | D:2      | Killed Robin
  1030 | D:2      | Reached XP level 4. HP: 25/37 MP: 4/4
  1174 | D:2      | Noticed Sigmund
  1184 | D:2      | Killed Sigmund
  1184 | D:2      | Reached skill level 6 in Slings
  1184 | D:2      | Reached XP level 5. HP: 35/46 MP: 5/5
  1262 | D:2      | Found a faded altar of an unknown god.
  1541 | D:2      | Gained mutation: Potions are less effective at restoring
                  | your health. [potion of mutation]
  1541 | D:2      | Gained mutation: You have a pair of small antennae on your
                  | head. [potion of mutation]
  1541 | D:2      | Gained mutation: You have an increased reservoir of magic.
                  | (+10% MP) [potion of mutation]
  1610 | D:2      | Lost mutation: You have a pair of small antennae on your
                  | head. [potion of mutation]
  1610 | D:2      | Lost mutation: Potions are less effective at restoring your
                  | health. [potion of mutation]
  1610 | D:2      | Lost mutation: You have an increased reservoir of magic.
                  | (+10% MP) [potion of mutation]
  1610 | D:2      | Gained mutation: You are partially covered in rugged brown
                  | scales. (AC +1, +3% HP) [potion of mutation]
  1610 | D:2      | Gained mutation: You occasionally shout uncontrollably at
                  | your foes. [potion of mutation]
  1610 | D:2      | Lost mutation: You occasionally shout uncontrollably at
                  | your foes. [potion of mutation]
  1610 | D:2      | Gained mutation: You evolve. [potion of mutation]
  1635 | D:3      | Reached skill level 7 in Slings
  1680 | D:3      | Reached XP level 6. HP: 47/53 MP: 6/6
  2248 | D:3      | Gained mutation: You possess an exceptional clarity of
                  | mind. [evolution]
  2571 | D:3      | Found a bloodstained altar of Trog.
  3104 | D:4      | Found a bloodstained altar of Trog.
  3280 | D:4      | You fall through a shaft for 3 floors!
  3288 | D:7      | Noticed an orc warrior
  3293 | D:7      | Found a white marble altar of Elyvilon.
  3293 | D:7      | Noticed Harold
  3303 | D:7      | Noticed a hippogriff
  3623 | D:6      | Reached skill level 8 in Slings
  3623 | D:6      | Reached XP level 7. HP: 23/61 MP: 7/7
  3645 | D:6      | Noticed Blork the orc
  3753 | D:6      | Slain by Blork the orc

Skill      XL: |  1  2  3  4  5  6 |
---------------+-------------------+-----
Slings         | 5 6 7 8 |  8.1
Fighting       | 3 4 |  4.8
Dodging        | |  1.4
Stealth        | |  0.4

Action                   |  1- 3 |  4- 6 |  7- 9 || total
-------------------------+-------+-------+-------++-------
Melee: Short sword       |    41 |       |       ||    41
       Kick              |    19 |       |       ||    19
 Fire: Hunting sling     |    92 |   231 |    21 ||   344
  Use: Scroll            |     2 |     6 |     1 ||     9
       Potion            |       |    10 |     3 ||    13
  Eat: Chunk             |       |     4 |       ||     4
       Ration            |       |     3 |       ||     3
Armor: Leather armour    |    15 |    35 |       ||    50
Dodge: Dodged            |    14 |    54 |       ||    68
